Map: Tokamak LE

Players

Harstem - Winner!

  • Race: Protoss Protoss
  • League: Grandmaster
  • Spawn Location: 1:00

STZsOs (sOs)

  • Race: Protoss Protoss
  • Spawn Location: 7:00

Event: HomeStory Cup XXVII

VOD

Have the link to the VOD?

Description

Time

  • Played on: June 28, 2025, 2:58 p.m.
  • Length: 4:20

All games in this series

Show
View Real Time Build Order
Export as new Build Order

Harstem Protoss - Winner!

Build Orders:  

Get SALT Encoding   

  12  0:00  Probe  
  13  0:12  Probe  
  14  0:17  Pylon  
  14  0:24  Probe  
  15  0:32  Probe  
  15  0:36  Gateway  
  15  0:40  Probe  
  16  0:47  Assimilator  
  17  0:51  Probe  
  17  0:55  Assimilator  
  18  0:59  Probe  
  19  1:07  Probe  
  19  1:08  Gateway  
  19  1:17  Probe  
  20  1:24  Cybernetics Core  
  21  1:29  Probe  
  22  1:40  Pylon  
  22  1:41  Probe  
  23  1:58  Probe  
  23  2:00  Warp Gate  
  24  2:01  Adept  
  24  2:02  Adept  
  28  2:17  Robotics Facility  
  28  2:22  Pylon  
  27  2:32  Pylon  
  29  2:38  Stalker x2  
  31  2:50  Gateway  
  31  2:55  Warp Prism  
  33  3:08  Sentry  
  35  3:15  Pylon  
  35  3:49  Stalker x3  
  39  4:14  Stalker x2  
Show
View Real Time Build Order
Export as new Build Order

STZsOs Protoss 

Build Orders: Phoenix Opening 

Get SALT Encoding   

  12  0:00  Probe  
  13  0:12  Probe  
  14  0:17  Pylon  
  14  0:23  Probe  
  15  0:31  Probe  
  16  0:35  Gateway  
  16  0:39  Probe  
  16  0:45  Assimilator  
  17  0:51  Probe  
  18  0:59  Pylon, Probe  
  19  1:04  Assimilator  
  19  1:07  Probe  
  20  1:17  Probe  
  20  1:22  Cybernetics Core  
  21  1:29  Zealot  
  21  1:30  Probe  
  24  1:42  Probe  
  25  1:56  Probe  
  25  1:58  Sentry  
  25  2:01  Phoenix  
  28  2:02  Warp Gate  
  28  2:09  Nexus  
  28  2:22  Pylon  
  28  2:31  Stargate  
  28  2:34  Probe  
  29  2:38  Stalker  
  29  2:43  Shield Battery  
  31  2:54  Probe  
  30  3:01  Gateway  
  30  3:08  Void Ray  
  30  3:17  Stalker  
  36  3:30  Shield Battery  
  36  3:45  Shield Battery  
  38  4:01  Stalker  
  38  4:02  Zealot  
  36  4:06  Shield Battery  
Tags
 
Matchup
PvP
Replay Pack
hsc27
Spawn Locations
Cross Positions
Add a new tag
Caveats
  • Supply blocks, unpowered buildings, or Contaminate may cause inaccurate times.
  • Supply counts are checked every 10 seconds.